 Dungeon Crawl Stone Soup version 0.30-a0-118-ga018f8e90f (webtiles) character file.

Game seed: 17396219043058008939

11946 writerjack the Basher (level 11, -14/107 HPs)
             Began as a Minotaur Berserker on Sept 13, 2022.
             Was an Elder of Trog.
             Demolished by an orc warrior
             ... wielding a +2 short sword of holy wrath
              (17 damage)
             ... on level 2 of the Orcish Mines.
             The game lasted 00:33:41 (11923 turns).

writerjack the Basher (Minotaur Berserker)         Turns: 11923, Time: 00:33:44

Health: -14/107    AC: 18    Str: 25    XL:     11   Next: 56%
Magic:  10/10      EV: 11    Int: 11    God:    Trog [****..]
Gold:   1089       SH:  6    Dex: 17    Spells: 10/10 levels left

rFire   + . .      SeeInvis +    L - +2 mace (venom)
rCold   . . .      Faith    .    G - +0 buckler
rNeg    . . .      Spirit   .    C - +7 scale mail of Moral Flaws {rF+ Int+7 SInv}
rPois   .          Reflect  .    (helmet restricted)
rElec   .          Harm     .    F - +0 cloak
rCorr   .          Rampage  .    (no gloves)
Will    ++...                    h - +0 pair of boots
Stlth   ..........               (no amulet)
HPRegen 1.27/turn                f - ring of see invisible
MPRegen 0.12/turn                u - +6 ring of dexterity

@: lethally poisoned (-14 -> -38), about to teleport, strong-willed, on berserk
cooldown, regenerating, slowed, very slow
A: horns 2, retaliatory headbutt
a: Renounce Religion, Berserk, Trog's Hand, Brothers in Arms


You were on level 2 of the Orcish Mines.
You worshipped Trog.
Trog was greatly pleased with you.
You visited 2 branches of the dungeon, and saw 13 of its levels.

You collected 1089 gold pieces.

Inventory:

Hand Weapons
 o - a +1 vorpal mace
 H - a +3 spear of freezing
 K - a +5 dire flail
 L - a +2 mace of venom (weapon)
Missiles
 i - 22 poisoned darts
 j - 8 boomerangs (quivered)
 r - 6 javelins
Armour
 h - a +0 pair of boots (worn)
 C - the +7 scale mail of Moral Flaws (worn) {rF+ Int+7 SInv}
   (You found it on level 5 of the Dungeon)

   Int:       It affects your intelligence (+7).
   rF:        It protects you from fire.
   SInv:      It lets you see invisible.
 D - +0 acid dragon scales
 F - a +0 cloak (worn)
 G - a +0 buckler (worn)
Jewellery
 e - a ring of positive energy
 f - a ring of see invisible (left hand)
 u - a +6 ring of dexterity (right hand)
 w - a ring of protection from fire
 E - a ring of willpower
Wands
 y - a wand of charming (12)
 P - a wand of flame (8)
Scrolls
 a - a scroll of immolation
 c - a scroll of silence {unknown}
 k - 3 scrolls of amnesia
 n - a scroll of fear
 p - 3 scrolls of noise
 q - 5 scrolls of teleportation
 t - 2 scrolls of magic mapping {unknown}
 B - 2 scrolls of poison {unknown}
 J - a scroll of blinking {unknown}
 N - a scroll of butterflies {unknown}
 O - a scroll of vulnerability {unknown}
Potions
 b - a potion of berserk rage {unknown}
 d - 8 potions of curing
 g - a potion of heal wounds
 l - 2 potions of flight {unknown}
 m - 2 potions of brilliance
 s - 4 potions of degeneration
 v - 3 potions of lignification
 x - 3 potions of might
 z - 2 potions of attraction {unknown}
 A - 2 potions of haste
 I - a potion of ambrosia {unknown}
 M - a potion of mutation {unknown}


   Skills:
 - Level 13.0 Fighting
 - Level 14.3 Maces & Flails
 * Level 10.4 Armour
 - Level 2.2 Dodging
 + Level 5.8 Shields


You had 10 spell levels left.
You didn't know any spells.
Your spell library was empty.

Dungeon Overview and Level Annotations

Branches:
Dungeon (11/15)            Temple (0/1) D:6            Lair (0/5) D:9
    Orc (2/2) D:9
    Elf: Orc:2

Altars:
Ashenzari
Dithmenos
Gozag
Kikubaaqudgha
Nemelex Xobeh
Qazlal
Vehumet
Zin

Annotations:
D:4 exclusion: statue
Orc:2 Azrael, Sonja


Innate Abilities, Weirdness & Mutations

You have a pair of horns on your head.
You reflexively headbutt those who attack you in melee.


Message History

Your ogre blinks!
The orc warrior hits you with a +2 short sword of holy wrath.
The warg bites you! The warg bites you but does no damage.
Your ogre barely misses the orc.
As you read the scroll of teleportation, it crumbles to dust.
You feel strangely unstable.
You feel sick.
Sonja casts a spell.
Sonja blinks!
The warg closely misses you. You block the orc warrior's attack.
The warg barely misses you.
The orc knight hits you with a +0 war axe!
The warg bites you but does no damage.
You hear a bark!
You feel much better.
You feel sick.
Your ogre completely misses Sonja.
The warg barely misses you.
The orc knight roars a battlecry!
The orcs go into a battle-frenzy!
The orc knight roars a battlecry!
The orcs go into a battle-frenzy!
The orc warrior closely misses you.
A warg comes into view.
The warg bites you but does no damage. The warg closely misses you.
The orc knight closely misses you. You furiously retaliate!
You headbutt the orc knight! The orc warrior barely misses you.
The orc warrior hits you from afar with a +2 glaive of venom!
An orc comes into view. It is wielding a +0 trident.
The warg bites you but does no damage.
The orc shouts!
You hear a shout! x2
Your skin crawls.
You feel strong-willed.
You feel sick.
You are no longer poisoned.
You hear a shout!
Your ogre misses Sonja. The warg bites you but does no damage.
The orc warrior hits you from afar with a +1 vorpal trident!
* * * LOW HITPOINT WARNING * * *
x2 The orc warrior hits you from afar with a +2 glaive of venom!!
* * * LOW HITPOINT WARNING * * *
You are lethally poisoned!
The orc warrior hits you with a +2 short sword of holy wrath!
You die...

...$............##..
#......$.......#....
###........$.......#
#.........O.$.......
........TooK..^.....
...##...ooooo..#.#..
.. .....oToooo......
. .....ooohhoo.....
#..###.###@####### .
#. #o# #. #o# .


hoo . ..# 8..# ...# ###.# You could see 2 orc knights, 2 trolls, 3 wargs, Sonja
(ally target), 6 orc warriors, 2 orc wizards, 11 orcs and a friendly ogre
(summoned, berserk).

Vanquished Creatures
  An ettin (Orc:1)
  A two-headed ogre (D:10)
  Pikel (D:6)
  A cyclops (D:10)
  A gargoyle (D:10)
  Psyche (D:8)
  6 trolls
  Sigmund (D:2)
  A shadow (D:10)
  4 wyverns (D:9)
  4 yaks (D:9)
  A basilisk (D:9)
  A fire elemental (Orc:1)
  3 steam dragons
  2 vampire mosquitoes (D:8)
  A warg (Orc:1)
  2 acid dragons (D:8)
  A hell hound (Orc:1)
  2 water moccasins (D:9)
  7 orc warriors
  A sky beast (D:8)
  2 ice beasts (D:7)
  A black bear (D:4)
  2 ogres
  2 centaurs
  A phantom (D:6)
  3 lemures (D:6)
  2 bullfrogs
  A kobold brigand (D:8)
  2 gnoll sergeants (D:8)
  A necrophage (D:5)
  A scorpion (D:5)
  9 wights
  19 killer bees
  A howler monkey (D:9)
  3 electric eels (D:9)
  A hound (D:4)
  2 jellies
  9 orc priests
  A gnoll bouda (D:9)
  Terence (D:2)
  3 iguanas
  13 orc wizards
  4 gnolls (D:9)
  5 adders
  2 shadow imps (D:8)
  2 white imps
  A worm (D:4)
  A dart slug (D:4)
  57 orcs
  3 ball pythons
  10 bats
  8 endoplasms
  4 giant cockroaches
  5 goblins
  4 hobgoblins
  5 kobolds
  8 quokkas
  2 frilled lizards
  4 rats
248 creatures vanquished.

Vanquished Creatures (collateral kills)
  Joseph (D:9)
  A water moccasin (D:9)
  A centaur (D:9)
  A gnoll sergeant (D:9)
  A wight (D:8)
  2 gnolls (D:9)
  2 orcs (D:9)
9 creatures vanquished.

Vanquished Creatures (others)
  5 fungi (D:9)
  16 plants (D:9)
21 creatures vanquished.

Grand Total: 278 creatures vanquished

Notes
Turn   | Place    | Note
-------+----------+-------------------------------------------
     0 | D:1      | writerjack the Minotaur Berserker began the quest for the
                  | Orb.
     0 | D:1      | Reached XP level 1. HP: 19/19 MP: 0/0
   119 | D:1      | Found a faded altar of an unknown god.
   178 | D:1      | Reached skill level 4 in Maces & Flails
   425 | D:1      | Reached XP level 2. HP: 27/27 MP: 1/1
   784 | D:2      | Noticed Sigmund
   798 | D:2      | Killed Sigmund
   799 | D:2      | Reached skill level 7 in Maces & Flails
   799 | D:2      | Reached XP level 3. HP: 33/33 MP: 2/2
   799 | D:2      | Reached XP level 4. HP: 40/40 MP: 3/3
   799 | D:2      | Reached XP level 5. HP: 46/46 MP: 4/4
  1070 | D:2      | Found a glowing silver altar of Zin.
  1132 | D:2      | Reached ** piety under Trog
  1134 | D:2      | Noticed Terence
  1153 | D:2      | Killed Terence
  1154 | D:2      | Reached skill level 8 in Maces & Flails
  1896 | D:3      | Reached XP level 6. HP: 52/52 MP: 5/5
  2132 | D:3      | Found a stormy altar of Qazlal.
  2524 | D:4      | Reached *** piety under Trog
  2525 | D:4      | Reached skill level 9 in Maces & Flails
  3030 | D:5      | Entered Level 5 of the Dungeon
  3106 | D:4      | Reached XP level 7. HP: 58/58 MP: 6/6
  3118 | D:4      | Found an opulent altar of Gozag.
  3279 | D:4      | Found a radiant altar of Vehumet.
  3364 | D:5      | Reached skill level 10 in Maces & Flails
  3506 | D:5      | Identified the +7 scale mail of Moral Flaws {rF+ Int+7
                  | SInv}
  3892 | D:5      | Found a shadowy altar of Dithmenos.
  3893 | D:5      | Noticed a troll
  3918 | D:6      | Killed a troll
  3919 | D:6      | Reached skill level 11 in Maces & Flails
  4092 | D:5      | Reached XP level 8. HP: 40/66 MP: 7/7
  4572 | D:6      | Reached skill level 12 in Maces & Flails
  4859 | D:7      | Noticed Pikel
  4885 | D:6      | Killed Pikel
  4886 | D:6      | Reached skill level 13 in Maces & Flails
  5463 | D:6      | Reached skill level 14 in Maces & Flails
  5669 | D:6      | Found a staircase to the Ecumenical Temple.
  5851 | D:7      | Reached XP level 9. HP: 69/71 MP: 8/8
  5926 | D:8      | Noticed Psyche
  5934 | D:8      | Killed Psyche
  6529 | D:8      | Reached skill level 5 in Armour
  6722 | D:8      | Reached **** piety under Trog
  6727 | D:8      | Reached skill level 5 in Fighting
  7070 | D:8      | Found an ancient bone altar of Kikubaaqudgha.
  7272 | D:8      | Reached skill level 1 in Shields
  7784 | D:10     | Entered Level 10 of the Dungeon
  7784 | D:10     | Found a sparkling altar of Nemelex Xobeh.
  7961 | D:9      | Reached XP level 10. HP: 86/88 MP: 9/9
  8008 | D:9      | Reached skill level 10 in Fighting
  8227 | D:9      | Found a staircase to the Lair.
  9286 | D:9      | Noticed Joseph
  9298 | D:9      | Killed Joseph
  9308 | D:9      | Found a staircase to the Orcish Mines.
  9577 | Orc:1    | Entered Level 1 of the Orcish Mines
  9708 | D:9      | Reached XP level 11. HP: 107/107 MP: 10/10
  9879 | Orc:2    | Entered Level 2 of the Orcish Mines
  9892 | Orc:1    | Noticed an ettin
 10242 | D:10     | Noticed a two-headed ogre
 10351 | D:10     | Killed a two-headed ogre
 10677 | D:10     | Found a broken altar of Ashenzari.
 10763 | D:11     | Identified the +1 robe of Lugonu's Regard {rC+ rN+}
 11087 | Orc:1    | Killed an ettin
 11088 | Orc:1    | Reached skill level 5 in Shields
 11290 | Orc:1    | Reached skill level 10 in Armour
 11469 | Orc:2    | Noticed Azrael
 11699 | Orc:2    | Noticed Sonja
 11913 | Orc:2    | Noticed an orc knight
 11919 | Orc:2    | Noticed an orc knight
 11923 | Orc:2    | HP: 3/107 [orc warrior/+2 glaive of venom (26)]
 11923 | Orc:2    | Demolished by an orc warrior

Illustrated notes

Levels and vault maps discovered:
D:1:      dpeg_arrival_erosion, layout_loops_ring, ebering_ecumenical_altar_rust
D:2:      layout_basic, basic_altar, minmay_splitting_lines, uniq_terence,
          uniq_sigmund
D:3:      layout_loops_corners, mainiacjoe_overflow_boulevard
D:4:      layout_rooms, mainiacjoe_overflow_alcove_2, vehumet_statue
D:5:      layout_loops_ring, nicolae_dithmenos_through_a_glass_darkly,
          chequers_big_river
D:6:      layout_loops_ring, minmay_temple_entry_hall
D:7:      layout_cave_pools, corexii_hall_statues_i, uniq_pikel
D:8:      minmay_polygon_palace, layout_basic, lemuel_coloured_pillars_altar,
          nicolae_figureground_pulse, uniq_psyche
D:9:      layout_irregular_city, minmay_lair_entry_grove, erik_orc_2,
          minivault_19, glass_columns_b, uniq_joseph
D:10:     layout_cross, kennysheep_mini_moat, nemelex_xobeh_ov_fountains_minmay,
          minmay_between
D:11:     layout_roguey, serial_shops, shop
Orc:1:    layout_caves
Orc:2:    st_orc_town, layout_caves, basic_altar, nicolae_orc_sculptors_studio,
          uniq_azrael, uniq_sonja

Skill      XL: |  1  2  3  4  5  6  7  8  9 10 11 |
---------------+----------------------------------+-----
Maces & Flails | 4 7 8 9 11 14 | 14.3
Fighting       | 8 13 | 13.0
Armour         | 6 7 10 | 10.4
Shields        | 2 5 |  5.8
Dodging        | |  2.2

Action                   |  1- 3 |  4- 6 |  7- 9 | 10-12 || total
-------------------------+-------+-------+-------+-------++-------
Melee: Mace              |    24 |   104 |   244 |   320 ||   692
       Headbutt          |     6 |    16 |    59 |    67 ||   148
       Punch             |       |     2 |     2 |       ||     4
Throw: Boomerang         |       |       |       |     2 ||     2
Invok: Berserk           |     1 |       |     4 |     5 ||    10
       Trog's Hand       |       |       |     1 |     3 ||     4
       Brothers in Arms  |       |       |       |     4 ||     4
Evoke: Wand              |       |       |     1 |       ||     1
  Use: Scroll            |       |       |     9 |     2 ||    11
       Potion            |       |       |     1 |     2 ||     3
Armor: Ring mail         |    14 |    42 |     2 |       ||    58
       Scale mail        |       |       |    85 |   165 ||   250
Dodge: Dodged            |    22 |    84 |   112 |   153 ||   371
Block: Buckler           |       |       |     9 |    80 ||    89

Table legend: (Time is in decaauts)
 A = Elapsed time spent in this place.
 B = Non-inter-level travel time spent in this place.
 C = Inter-level travel time spent in this place.
 D = Time resting spent in this place.
 E = Time spent auto-exploring this place.
 F = Levels seen in this place.
 G = Mean time per level.
                   A        B        C        D        E       F      G
               +--------+--------+--------+--------+--------+-----+--------+
         Total |  11897 |  11756 |    141 |   3506 |   5460 |  13 |  915.2 |
       Dungeon |  10808 |  10667 |    141 |   2856 |   5268 |  11 |  982.5 |
  Orcish Mines |   1088 |   1088 |      0 |    649 |    192 |   2 |  544.0 |
               +--------+--------+--------+--------+--------+-----+--------+

Top non-repeatable levels by time:
     D:9: 2335 daAuts
     D:8: 1468 daAuts
     D:6: 1440 daAuts
   Orc:1: 1059 daAuts
     D:5: 1011 daAuts
     D:3: 998 daAuts
     D:2: 954 daAuts
     D:1: 781 daAuts
    D:10: 651 daAuts
     D:4: 591 daAuts
     D:7: 536 daAuts
    D:11: 39 daAuts
   Orc:2: 29 daAuts
